 Dungeon Sprint DCSS version 0.20-a0-1122-gb7cbeb9 (webtiles) character file.

10400000 Kidiri the Conqueror (level 27, -15/323 HPs)
             Began as a Troll Gladiator on May 12, 2017.
             Was the Champion of Makhleb.
             Demolished by a meat berserker
             ... wielding a +9 battleaxe
              (67 damage)
             ... in the Dungeon (Sprint VIII: "Arena of Blood").
             The game lasted 00:04:37 (104 turns).

Kidiri the Conqueror (Troll Gladiator)               Turns: 104, Time: 00:04:38

Health: -15/323    AC:  7    Str: 30    XL:     27
Magic:  38/53      EV: 32    Int:  4    God:    Makhleb [******]
Gold:   0          SH:  0    Dex: 20    Spells: 80/80 levels left

rFire    . . .     SeeInvis +   l - +∞ Axe of Woe
rCold    . . .     Gourm    +   (shield currently unavailable)
rNeg     . . .     Faith    .   b - +0 robe
rPois    .         Spirit   .   c - +0 hat
rElec    .         Reflect  .   (no cloak)
rCorr    .         Harm     .   (gloves unavailable)
MR       ++...     NoTele   +   (boots unavailable)
Stlth    +++++++++.             (no amulet)
Regen    1.1/turn               m - ring of see invisible
MPRegen  0.4/turn               (no ring)

@: very slightly contaminated
A: unfitting armour, claws 3, fast metabolism 3, gourmand, regeneration 1,
shaggy fur 1, tough skin 2
a: Minor Destruction, Lesser Servant of Makhleb, Major Destruction, Greater
Servant of Makhleb, Renounce Religion


You were in the Dungeon.
You worshipped Makhleb.
Makhleb was exalted by your worship.
You were not hungry.

You visited 1 branch

Inventory:

Hand Weapons
 a - a +0 war axe
 l - the +∞ Axe of Woe (weapon)
   (You found it in the Dungeon)
Missiles
 d - 3 throwing nets (quivered)
Armour
 b - a +0 robe (worn)
 c - a +0 hat (worn)
Jewellery
 m - a ring of see invisible (left claw)
Potions
 e - a potion of curing
 h - a potion of haste
 i - 2 potions of magic
 j - a potion of berserk rage
Comestibles
 f - 2 bread rations


   Skills:
 O Level 27 Fighting
 O Level 27 Axes
 O Level 27 Throwing
 O Level 27 Armour
 O Level 27 Dodging
 O Level 27 Stealth
 O Level 27 Unarmed Combat
 O Level 27 Spellcasting
 O Level 27 Invocations


You had 80 spell levels left.
You didn't know any spells.

Dungeon Overview and Level Annotations

Branches:
Dungeon (1/1)

Altars:
Makhleb


Innate Abilities, Weirdness & Mutations

You are too large for most types of armour.
You have claws for hands.
Your metabolism is lightning-fast.
You like to eat raw meat.
Your natural rate of healing is unusually fast.
You are covered in fur. (AC +1)
You have very tough skin. (AC +2)


Message History

You hear a shout! x3
An observer comes into view.
Unknown command.
A demon appears!
You hear a shout! x4
The eight-headed meat hydra calls on the powers of darkness!
The eight-headed meat hydra convulses!
The meat berserker convulses!
The bag of meat convulses!
The meat berserker convulses!
Your body is wracked with pain!
* * * LOW HITPOINT WARNING * * *
The bag of meat convulses! x2; The meat berserker convulses!
You hear a shout! x3
Your Executioner is smitten.
You hear a shout! x3
The observer gazes at you. Something smites you!
* * * LOW HITPOINT WARNING * * *
You hear a shout!
The meat berserker hits you with a +9 battleaxe!!!
You die...

##############
####.....).......
####.......).)O.....
####...O..o...##)##.###
#...o.@O.O..).)))......
.......o####D.).)##.##..
.....1.#o...D))...%.....
........#...%)))..%#.#O.
...o... #...O)W)........
.G.###W..#..%))......%..
.## o..O.#.%....%......
.......))))).......
......).)).......


You could see an eight-headed meat hydra, an observer (invisible), a wretched
soul (invisible), 3 meat berserkers, 6 bags of meat and a friendly Executioner.

Vanquished Creatures
  6 hell beasts (D)
  A greater mummy (D)
  A great orb of eyes (D)
  2 wraiths (D)
  9 vampire knights (D)
  22 ogres (D)
  3 two-headed ogres (D)
  4 liches (D)
  3 hydras (D)
  50 orcs (D)
  A phantom (D)
  3 skeletal warriors (D)
  5 large abominations (D)
  4 small abominations (D)
  3 crawling corpses (D)
117 creatures vanquished.

Vanquished Creatures (collateral kills)
  A two-headed ogre (D)
  An orc (D)
2 creatures vanquished.

Vanquished Creatures (others)
  4 crawling corpses (D)
4 creatures vanquished.

Grand Total: 123 creatures vanquished

Notes
Turn   | Place    | Note
-------+----------+-------------------------------------------
     0 | D        | Kidiri the Troll Gladiator began the quest for the Orb.
     0 | D        | Reached XP level 1. HP: 19/19 MP: 0/0
     3 | D        | Noticed a bag of meat
     4 | D        | Became a worshipper of Makhleb the Destroyer
     6 | D        | Noticed a bag of meat
     6 | D        | Noticed a bag of meat
     7 | D        | Noticed a bag of meat
     8 | D        | Noticed a bag of meat
     8 | D        | Noticed a meat berserker
     9 | D        | Noticed a bag of meat
     9 | D        | Noticed a bag of meat
     9 | D        | Killed a bag of meat
     9 | D        | Reached skill level 15 in Fighting
     9 | D        | Reached skill level 15 in Dodging
     9 | D        | Reached XP level 2. HP: 57/57 MP: 1/1
     9 | D        | Reached XP level 3. HP: 65/65 MP: 2/2
     9 | D        | Reached XP level 4. HP: 74/74 MP: 3/3
     9 | D        | Reached XP level 5. HP: 81/81 MP: 4/4
     9 | D        | Reached XP level 6. HP: 91/91 MP: 5/5
     9 | D        | Reached XP level 7. HP: 98/98 MP: 6/6
     9 | D        | Reached XP level 8. HP: 107/107 MP: 7/7
     9 | D        | Reached XP level 9. HP: 115/115 MP: 8/8
     9 | D        | Reached XP level 10. HP: 126/126 MP: 9/9
     9 | D        | Reached XP level 11. HP: 133/133 MP: 10/10
     9 | D        | Killed a bag of meat
     9 | D        | Reached * piety under Makhleb
     9 | D        | Reached XP level 12. HP: 149/149 MP: 11/11
     9 | D        | Killed a bag of meat
     9 | D        | Reached XP level 13. HP: 162/162 MP: 12/12
    10 | D        | Noticed a bag of meat
    10 | D        | Noticed a meat berserker
    10 | D        | Noticed a bag of meat
    10 | D        | Noticed a bag of meat
    10 | D        | Noticed a bag of meat
    11 | D        | Noticed a bag of meat
    11 | D        | Noticed a bag of meat
    11 | D        | Noticed a bag of meat
    11 | D        | Noticed a bag of meat
    11 | D        | Noticed a meat berserker
    11 | D        | Noticed a bag of meat
    12 | D        | Noticed a large bag of meat
    12 | D        | Killed a bag of meat
    12 | D        | Reached skill level 15 in Axes
    12 | D        | Reached XP level 14. HP: 175/175 MP: 13/13
    12 | D        | Killed a meat berserker
    12 | D        | Reached ** piety under Makhleb
    12 | D        | Reached XP level 15. HP: 189/189 MP: 14/14
    14 | D        | Reached *** piety under Makhleb
    14 | D        | Reached XP level 16. HP: 209/209 MP: 15/15
    14 | D        | Killed a meat berserker
    14 | D        | Reached XP level 17. HP: 224/224 MP: 16/16
    15 | D        | Noticed a large bag of meat
    15 | D        | Noticed a meat berserker
    15 | D        | Noticed a meat berserker
    15 | D        | Reached **** piety under Makhleb
    15 | D        | Reached skill level 27 in Fighting
    15 | D        | Reached skill level 27 in Dodging
    15 | D        | Reached skill level 27 in Axes
    15 | D        | Reached skill level 5 in Armour
    15 | D        | Reached XP level 18. HP: 236/236 MP: 16/21
    17 | D        | Reached ***** piety under Makhleb
    17 | D        | Reached skill level 10 in Armour
    18 | D        | Killed a meat berserker
    18 | D        | Reached XP level 19. HP: 245/245 MP: 16/31
    18 | D        | Killed a meat berserker
    19 | D        | Killed a large bag of meat
    19 | D        | Reached XP level 20. HP: 256/256 MP: 16/36
    20 | D        | Noticed a meat berserker
    20 | D        | Noticed a meat berserker
    20 | D        | Reached skill level 27 in Invocations
    20 | D        | Killed a meat berserker
    20 | D        | Reached ****** piety under Makhleb
    20 | D        | Reached skill level 27 in Armour
    20 | D        | Reached skill level 10 in Unarmed Combat
    22 | D        | Noticed a large bag of meat
    22 | D        | Killed a large bag of meat
    22 | D        | Reached skill level 10 in Stealth
    22 | D        | Reached skill level 15 in Unarmed Combat
    22 | D        | Reached skill level 10 in Spellcasting
    22 | D        | Reached XP level 21. HP: 262/265 MP: 17/37
    22 | D        | Reached skill level 15 in Throwing
    23 | D        | Noticed a destroyer
    25 | D        | Reached skill level 15 in Stealth
    25 | D        | Reached skill level 15 in Spellcasting
    25 | D        | Reached XP level 22. HP: 275/275 MP: 17/40
    25 | D        | Killed a destroyer
    26 | D        | Reached XP level 23. HP: 284/284 MP: 18/45
    27 | D        | Reached skill level 27 in Unarmed Combat
    29 | D        | Noticed a destroyer
    29 | D        | Noticed a large bag of meat
    32 | D        | Killed a destroyer
    32 | D        | Reached skill level 27 in Throwing
    34 | D        | Noticed a destroyer
    36 | D        | Killed a large bag of meat
    36 | D        | Reached XP level 24. HP: 242/295 MP: 20/48
    36 | D        | Killed a large bag of meat
    41 | D        | Noticed a destroyer
    42 | D        | Noticed a destroyer
    42 | D        | Noticed a destroyer
    44 | D        | Noticed a destroyer
    46 | D        | Noticed a tyrant
    47 | D        | Killed a destroyer
    47 | D        | Reached skill level 27 in Stealth
    47 | D        | Reached skill level 27 in Spellcasting
    47 | D        | Reached XP level 25. HP: 296/304 MP: 23/53
    48 | D        | Noticed a tyrant
    49 | D        | Killed a tyrant
    49 | D        | Killed a destroyer
    50 | D        | Killed a tyrant
    51 | D        | Killed a destroyer
    51 | D        | Reached XP level 26. HP: 314/314 MP: 24/53
    52 | D        | Killed a destroyer
    54 | D        | Killed a destroyer
    54 | D        | Noticed a destroyer
    56 | D        | Reached XP level 27. HP: 323/323 MP: 25/53
    60 | D        | Noticed a tyrant
    61 | D        | Noticed a destroyer
    61 | D        | Noticed a meat beast
    64 | D        | Killed a destroyer
    69 | D        | Noticed a dread
    73 | D        | Noticed a meat beast
    78 | D        | Killed a meat beast
    79 | D        | Killed a destroyer
    80 | D        | Noticed a meat beast
    80 | D        | Killed a tyrant
    81 | D        | Noticed a meat beast
    85 | D        | Killed a meat beast
    86 | D        | Killed a meat beast
    87 | D        | Noticed a meat beast
    87 | D        | Killed a meat beast
    88 | D        | Noticed a meat beast
    89 | D        | Killed a dread
    90 | D        | Killed a meat beast
    91 | D        | Killed a meat beast
    93 | D        | Noticed a tyrant
    93 | D        | Killed a tyrant
    97 | D        | Noticed an accursed
    98 | D        | Noticed a dread
    98 | D        | Killed an accursed
    99 | D        | HP: 11/323 [dread/damnation (50)]
   102 | D        | Killed a dread
   104 | D        | Demolished by a meat berserker

Vault maps used:
D:        meatsprint

Skill      XL: |  1  2  3  4  5  6  7  8  9 10 11 12 13 14 15 16 17 18 19 20 21 22 23 24 |
---------------+-------------------------------------------------------------------------+-----
Fighting       | 15 17 19 20 22 24 26 27 | 27.0
Axes           | 11 13 14 15 16 18 20 27 | 27.0
Dodging        | 15 17 19 20 22 24 26 27 | 27.0
Armour         | 5 17 24 27 | 27.0
Invocations    | 6 18 26 27 | 27.0
Throwing       | 14 20 25 27 | 27.0
Stealth        | 10 15 19 22 27 | 27.0
Unarmed Combat | 15 21 26 27 | 27.0
Spellcasting   | 10 15 19 22 27 | 27.0

Action                   |  1- 3 |  4- 6 |  7- 9 | 10-12 | 13-15 | 16-18 | 19-21 | 22-24 | 25-27 || total
-------------------------+-------+-------+-------+-------+-------+-------+-------+-------+-------++-------
Melee: Executioner's axe |     1 |       |       |       |     3 |     3 |     5 |    16 |    31 ||    59
Invok: Greater Servant o |       |       |       |       |       |       |     2 |     1 |     3 ||     6
  Use: Scroll            |       |       |       |       |       |       |       |       |     1 ||     1
       Potion            |       |       |       |       |       |       |       |       |     1 ||     1
 Stab: Distracted        |       |       |       |       |       |       |       |     1 |       ||     1
Dodge: Dodged            |       |       |       |       |       |       |       |     1 |     5 ||     6
